 Dungeon Crawl Stone Soup version 0.24-a0-616-ge2a249a (webtiles) character file.

Game seed: 7830499836486703599, levelgen mode: deterministic

114 Blackhawk the Shield-Bearer (level 4, -4/29 HPs)
             Began as a Gargoyle Fighter on Sept 14, 2019.
             Slain by a wyvern zombie (9 damage)
             ... on level 2 of the Dungeon.
             The game lasted 00:01:48 (1338 turns).

Blackhawk the Shield-Bearer (Gargoyle Fighter)      Turns: 1338, Time: 00:01:48

Health: -4/29      AC: 14    Str: 20    XL:     4   Next: 98%
Magic:  4/4        EV:  5    Int:  9    God:
Gold:   104        SH:  9    Dex:  9    Spells: 3/3 levels left

rFire    . . .     SeeInvis .   a - +0 flail
rCold    . . .     Gourm    .   c - +0 shield
rNeg     + . .     Faith    .   l - +0 chain mail
rPois    ∞         Spirit   .   n - +0 helmet
rElec    +         Reflect  .   (no cloak)
rCorr    .         Harm     .   (no gloves)
MR       .....                  (no boots)
Stlth    ..........             (no amulet)
HPRegen  0.09/turn              (no ring)
MPRegen  0.09/turn              (no ring)

@: no status effects
A: negative energy resistance 1, electricity resistance, unbreathing,
petrification resistance, rot immunity, AC +3
a: no special abilities


You were on level 2 of the Dungeon.
You were not hungry.

You visited 1 branch of the dungeon, and saw 2 of its levels.

You collected 104 gold pieces.

Inventory:

Hand Weapons
 a - a +0 flail (weapon)
Armour
 b - a +0 scale mail
 c - a +0 shield (worn)
 l - a +0 chain mail (worn)
 n - a +0 helmet (worn)
Jewellery
 h - a cursed -2 ring of intelligence {unknown}
Scrolls
 e - a scroll of noise {unknown}
 j - 2 scrolls of identify {unknown}
Potions
 d - a potion of might
 i - a potion of curing {unknown}
 k - a potion of haste {unknown}
 m - a potion of invisibility {unknown}
 o - a potion of degeneration {unknown}
Comestibles
 f - 5 rations
 g - 11 chunks of flesh


   Skills:
 + Level 4.1 Fighting
 + Level 2.9 Maces & Flails
 + Level 4.1 Armour
 + Level 4.2 Shields


You had 3 spell levels left.
You didn't know any spells.
Your spell library was empty.

Dungeon Overview and Level Annotations

Branches:
Dungeon (2/15)

Altars:
Nemelex Xobeh
Ru


Innate Abilities, Weirdness & Mutations

You are resistant to torment.
Your stone body is resilient. (AC +3)
You are immune to poison.
You resist negative energy. (rN+)
You are resistant to electric shocks. (rElec)
You can survive without breathing.
You are immune to petrification.
You are immune to rotting.


Message History

The wyvern zombie bites you!
You see here a stone.
The wyvern zombie barely misses you.
You hit the wyvern zombie.
The wyvern zombie is moderately damaged.
You block the wyvern zombie's attack. The wyvern zombie barely misses you.
You hit the wyvern zombie.
The wyvern zombie is moderately damaged.
The wyvern zombie barely misses you.
You hit the wyvern zombie.
The wyvern zombie is heavily damaged.
You block the wyvern zombie's attack. x2
You barely miss the wyvern zombie.
The wyvern zombie is heavily damaged.
You block the wyvern zombie's attack. The wyvern zombie bites you.
* * * LOW HITPOINT WARNING * * *
You hit the wyvern zombie but do no damage.
The wyvern zombie is heavily damaged.
The wyvern zombie bites you!
You die...

#......(.## #....###.
#...#...## #.÷### #.
#......## #..# #.
##..#### ###..#####.
#..############......[#..
#...............#.....#..
##............#...##.##..
#.##########.##..#.#....
#.###..@ZK.......)).##.#
#.....####........####.#
####### #.####....###.#
#.# ##.....##.#
#.###....)..#.#
#.##..........#
#.##...........
#.##....[.....#
..........#.#


You could see a wyvern zombie and a kobold.

Vanquished Creatures
  A gnoll (D:1)
  4 adders (D:2)
  2 oozes (D:1)
  A worm (D:2)
  2 dart slugs (D:1)
  2 leopard geckos (D:1)
  3 giant cockroaches
  11 goblins
  5 hobgoblins
  4 jackals (D:2)
  4 bats
  A frilled lizard (D:2)
  3 kobolds
  5 rats
48 creatures vanquished.

Notes
Turn   | Place    | Note
-------+----------+-------------------------------------------
     0 | D:1      | Blackhawk the Gargoyle Fighter began the quest for the Orb.
     0 | D:1      | Reached XP level 1. HP: 14/14 MP: 1/1
    14 | D:1      | Reached XP level 2. HP: 14/19 MP: 2/2
   333 | D:1      | Reached XP level 3. HP: 23/23 MP: 3/3
   712 | D:2      | Reached XP level 4. HP: 25/29 MP: 4/4
   893 | D:2      | Found a sparkling altar of Nemelex Xobeh.
  1242 | D:2      | Found a sacrificial altar of Ru.
  1338 | D:2      | Slain by a wyvern zombie

Levels and vault maps discovered:
D:1:      dpeg_arrival_ternary, layout_loops_ring
D:2:      layout_loops_ring, nemelex_xobeh_ov_fountains_minmay,
          old_standard_altar, chequers_serial_rivers_micro_a

Skill      XL: |  1  2  3  4 |
---------------+-------------+-----
Shields        | 4 |  4.2
Armour         | 4 |  4.1
Fighting       | 4 |  4.1
Maces & Flails | |  2.9

Action                   |  1- 3 |  4- 6 || total
-------------------------+-------+-------++-------
Melee: Flail             |    85 |   120 ||   205
  Eat: Chunk             |       |     2 ||     2
Armor: Scale mail        |    61 |     5 ||    66
       Chain mail        |       |    90 ||    90
Dodge: Dodged            |    30 |    47 ||    77
Block: Shield            |    55 |    83 ||   138

Table legend:
 A = Non-vault XP
 B = Vault XP
 C = Vault XP percentage of total XP
 D = Non-vault monster count
 E = Vault monster count
 F = Vault count percentage of total count
                 A         B        C        D         E       F
            +---------+---------+-------+---------+---------+-------
      Total |     164 |       0 |   0.0 |      48 |       0 |   0.0
            +---------+---------+-------+---------+---------+-------
        D:1 |      65 |       0 |   0.0 |      21 |       0 |   0.0
        D:2 |      99 |       0 |   0.0 |      27 |       0 |   0.0
            +---------+---------+-------+---------+---------+-------
